 Dungeon Crawl Stone Soup version 0.28.0 (webtiles) character file.

Game seed: 4213736880985678328

644 Zeld the Chopper (level 7, -2/61 HPs)
             Began as a Minotaur Monk on Feb 18, 2022.
             Slain by a two-headed ogre (16 damage)
             ... on level 5 of the Dungeon.
             The game lasted 00:03:40 (4605 turns).

Zeld the Chopper (Minotaur Monk)                    Turns: 4605, Time: 00:03:41

Health: -2/61      AC: 11    Str: 17    XL:     7   Next: 27%
Magic:  6/6        EV:  6    Int:  7    God:
Gold:   109        SH:  0    Dex: 13    Spells: 6/6 levels left

rFire   . . .      SeeInvis .   a - +0 hand axe
rCold   . . .      Faith    .   (no shield)
rNeg    . . .      Spirit   .   b - +0 plate armour
rPois   +          Reflect  .   m - +0 hat
rElec   .          Harm     .   (no cloak)
rCorr   .          Rampage  .   (no gloves)
Will    .....                   j - +0 pair of boots
Stlth   ..........              (no amulet)
HPRegen 0.20/turn               e - ring of poison resistance
MPRegen 0.10/turn               (no ring)

@: no status effects
A: horns 2, retaliatory headbutt
a: no special abilities


You were on level 5 of the Dungeon.
You visited 1 branch of the dungeon, and saw 5 of its levels.

You collected 109 gold pieces.

Inventory:

Hand Weapons
 a - a +0 hand axe (weapon)
Armour
 b - a +0 plate armour (worn)
 j - a +0 pair of boots (worn)
 m - a +0 hat (worn)
Jewellery
 e - a ring of poison resistance (left hand)
Scrolls
 c - a scroll of amnesia {unknown}
 d - a scroll of summoning {unknown}
 h - a scroll of holy word {unknown}
 i - 2 scrolls of identify {unknown}
 r - a scroll of teleportation {unknown}
 s - a scroll of fear {unknown}
Potions
 f - 2 potions of haste {unknown}
 g - 3 potions of curing {unknown}
 k - a potion of mutation {unknown}
 l - a potion of magic {unknown}
 n - a potion of ambrosia {unknown}
 o - 2 potions of resistance {unknown}
 p - a potion of heal wounds {unknown}
 q - a potion of flight {unknown}
 t - a potion of degeneration {unknown}
 u - a potion of attraction {unknown}
 v - a potion of cancellation {unknown}


   Skills:
 + Level 5.5 Fighting
 * Level 7.1 Axes
 + Level 5.0 Dodging
 + Level 3.5 Stealth


You had 6 spell levels left.
You didn't know any spells.
Your spell library contained the following spells:

 Spells                   Type           Power      Damage    Failure   Level
 Call Canine Familiar     Summ           0%         N/A       100%        3
 Portal Projectile        Hex/Tloc       0%         N/A       100%        3
 Stone Arrow              Conj/Erth      0%         3d7       100%        3
 Animate Armour           Summ/Erth      0%         N/A       100%        4
 Leda's Liquefaction      Hex/Erth       0%         N/A       100%        4
 Lehudib's Crystal Spear  Conj/Erth      0%         10d2      100%        8


Dungeon Overview and Level Annotations

Branches:
Dungeon (5/15)
 Temple: D:4-7

Altars:


Innate Abilities, Weirdness & Mutations

You have a pair of horns on your head.
You reflexively headbutt those who attack you in melee.


Message History

The ogre is severely wounded.
You hit the ogre.
The ogre is severely wounded.
The ogre hits you with a +0 giant spiked club.
* * * LOW HITPOINT WARNING * * *
You hit the ogre. You headbutt the ogre!
You kill the ogre!
Your Axes skill increases to level 7!
Your Dodging skill increases to level 5!
Key pressed, stopping explore.
Things that are here:
a +0 giant spiked club; an ogre skeleton
Found a stone staircase leading down.
A two-headed ogre comes into view.
It is wielding a +0 giant club and a +0 giant spiked club.
The two-headed ogre shouts in stereo!
No target in view!
A two-headed ogre is nearby!
Okay, then.
You aren't carrying any items that you can evoke.
Unknown command.
You barely miss the two-headed ogre.
The two-headed ogre hits you but does no damage.
The two-headed ogre barely misses you.
You slash the two-headed ogre!
The two-headed ogre is lightly wounded.
The two-headed ogre closely misses you.
The two-headed ogre hits you with a +0 giant spiked club!
You hit the two-headed ogre. You headbutt the two-headed ogre.
The two-headed ogre is moderately wounded.
You hit the two-headed ogre.
The two-headed ogre is moderately wounded.
The two-headed ogre hits you with a +0 giant club!
The two-headed ogre hits you with a +0 giant spiked club!!
* * * LOW HITPOINT WARNING * * *
You are too injured to fight recklessly!
You are too injured to fight recklessly!
You hit the two-headed ogre but do no damage.
The two-headed ogre is moderately wounded.
The two-headed ogre hits you with a +0 giant club!
You die...

## #. #.#.## ##.
#....#### .. .#####...#
.. ...# ##..# #. ## ..#
#..# #. .###..# ##.#
#.#O..>..# #.#
##.@##....# ##.#
#.....#...#######..#
#.###................
.. ##............... ##
##....#######... #
###....# ##...
##.####...##..## ##....
#........###...###....#
.###...### #..##.....#


You could see a two-headed ogre.

Vanquished Creatures
  A water moccasin (D:5)
  An ice beast (D:4)
  An ogre (D:5)
  A scorpion (D:4)
  A water moccasin skeleton (D:5)
  A hound (D:4)
  An orc priest (D:3)
  An iguana (D:3)
  A centaur skeleton (D:4)
  A scorpion zombie (D:5)
  2 adders
  An ufetubus (D:5)
  2 adder skeletons (D:4)
  A dart slug (D:5)
  5 orcs
  5 ball pythons
  6 endoplasms
  2 giant cockroaches
  8 hobgoblins
  11 jackals (D:1)
  A kobold (D:4)
  4 quokkas
  5 bats
  2 frilled lizards
  10 goblins
  2 rats
77 creatures vanquished.

Notes
Turn   | Place    | Note
-------+----------+-------------------------------------------
     0 | D:1      | Zeld the Minotaur Monk began the quest for the Orb.
     0 | D:1      | Reached XP level 1. HP: 19/19 MP: 0/0
   174 | D:1      | Reached XP level 2. HP: 27/27 MP: 1/1
   245 | D:1      | Reached skill level 4 in Axes
   878 | D:1      | Reached XP level 3. HP: 33/33 MP: 2/2
  1405 | D:2      | Found a faded altar of an unknown god.
  2233 | D:3      | Reached XP level 4. HP: 23/40 MP: 3/3
  2236 | D:3      | Reached skill level 5 in Axes
  3170 | D:4      | Noticed a scorpion
  3175 | D:4      | Killed a scorpion
  3176 | D:4      | Reached XP level 5. HP: 47/47 MP: 4/4
  3248 | D:4      | Noticed an ice beast
  3263 | D:4      | Killed an ice beast
  3264 | D:4      | Reached skill level 6 in Axes
  3264 | D:4      | Reached XP level 6. HP: 35/55 MP: 5/5
  3447 | D:4      | Reached skill level 5 in Fighting
  4004 | D:5      | Entered Level 5 of the Dungeon
  4258 | D:5      | Noticed a water moccasin
  4270 | D:5      | Killed a water moccasin
  4271 | D:5      | Reached XP level 7. HP: 54/61 MP: 6/6
  4366 | D:5      | Reached skill level 7 in Axes
  4366 | D:5      | Reached skill level 5 in Dodging
  4598 | D:5      | Noticed a two-headed ogre
  4605 | D:5      | Slain by a two-headed ogre

Illustrated notes

Levels and vault maps discovered:
D:1:      evilmike_arrival_rings, layout_loops_corners
D:2:      wad_lake_hut, layout_loops_ring,
          shapermc_ecumenical_altar_starsandcircs, kennysheep_doodads
D:3:      layout_basic, minmay_hedge_maze
D:4:      layout_cave_pods
D:5:      kennysheep_spiral_hall, layout_layer_cave, sigmund_army, uniq_menkaure

Skill      XL: |  1  2  3  4  5  6  7 |
---------------+----------------------+-----
Axes           | 4 5 6 7 |  7.1
Stealth        | 2 3 |  3.5
Fighting       | 4 5 |  5.5
Dodging        | 4 5 |  5.0

Action                   |  1- 3 |  4- 6 |  7- 9 || total
-------------------------+-------+-------+-------++-------
Melee: Hand axe          |    96 |   104 |    10 ||   210
       Headbutt          |    10 |    22 |     4 ||    36
       Punch             |     1 |     1 |     1 ||     3
Armor: Robe              |    15 |       |       ||    15
       Plate armour      |    51 |    73 |     1 ||   125
Dodge: Dodged            |    48 |    27 |     3 ||    78
